 Dungeon Crawl Stone Soup version 0.19.0-22-gd96e5fe (webtiles) character file.

2234 Krapule the Ducker (level 9, -7/68 HPs)
             Began as a Merfolk Summoner on Nov 18, 2016.
             Was a Follower of Cheibriados.
             Mangled by an orc warrior
             ... wielding a +2 war axe of chopping
              (17 damage)
             ... on level 7 of the Dungeon.
             The game lasted 00:37:08 (7752 turns).

Krapule the Ducker (Merfolk Summoner)               Turns: 7752, Time: 00:37:09

Health: -7/68      AC: 12    Str: 11    XL:     9   Next: 36%
Magic:  17/25      EV: 16    Int: 19    God:    Cheibriados [*.....]
Gold:   57         SH:  4    Dex: 16    Spells: 2 memorised, 12 levels left

rFire  . . .     SeeInvis .     a - +1 trident
rCold  . . .     Gourm    .     M - +0 leather armour of Brilliance {MP+9}
rNeg   . . .     Faith    .     I - +0 buckler
rPois  .         Spirit   .     t - +2 helmet
rElec  .         Reflect  .     (no cloak)
rCorr  .         Harm     .     (no gloves)
MR     .....                    s - +1 pair of boots
Stlth  +++.......               n - amulet of rage
                                (no ring)
                                (no ring)

@: very slow
A: change form in water, swift swim, stealthy swim, slimy green scales 1, yellow
scales 1, MP-powered wands
a: Bend Time, Renounce Religion, Evoke Berserk Rage


You were on level 7 of the Dungeon.
You worshipped Cheibriados.
Cheibriados was aware of your devotion.
You were hungry.

You visited 2 branches of the dungeon, and saw 9 of its levels.

You collected 429 gold pieces.
You spent 372 gold pieces at shops.

Inventory:

Hand Weapons
 a - a +1 trident (weapon)
 A - the +4 Vampire's Tooth {vamp}
   (You found it on level 5 of the Dungeon)

   It inflicts no extra harm, but heals its wielder when it wounds a living foe.
Missiles
 e - 2 throwing nets (quivered)
Armour
 s - a +1 pair of boots (worn)
 t - a +2 helmet (worn)
 u - a +0 robe
 I - a +0 buckler (worn)
 M - the +0 leather armour of Brilliance (worn) {MP+9}
   (You bought it in a shop on level 7 of the Dungeon)

   It affects your magic capacity (+9).
Magical Staves
 b - an uncursed staff of power
 N - an uncursed staff of cold
Jewellery
 n - an amulet of rage (around neck)
 C - an uncursed ring of fire
Wands
 y - a wand of acid (0/15)
 B - a wand of random effects (21/48)
 E - a wand of digging (13/24)
 H - a wand of flame (22/48)
Scrolls
 g - 2 scrolls of amnesia
 j - a scroll of enchant armour
 m - 2 scrolls of magic mapping
 o - 3 scrolls of remove curse
 p - 2 scrolls of random uselessness {unknown}
 q - 5 scrolls of enchant weapon
 r - 2 scrolls of fear {unknown}
 w - a scroll of summoning {unknown}
 z - a scroll of recharging {unknown}
 J - a scroll of teleportation
 K - a scroll of vulnerability {unknown}
Potions
 d - 4 potions of curing
 h - a potion of lignification
 i - a potion of magic
 k - 3 potions of agility
 l - a potion of haste
 D - 2 potions of might {unknown}
 G - a potion of flight {unknown}
Books
 v - a book of Minor Magic

   Spells                             Type                      Level
   a - Magic Dart                     Conjuration                  1
   b - Blink                          Translocation                2
   c - Call Imp                       Summoning                    2
   d - Repel Missiles                 Charms/Air                   2
   e - Slow                           Hexes                        2
   f - Conjure Flame                  Conjuration/Fire             3
   g - Mephitic Cloud                 Conjuration/Poison/Air       3
 x - a book of Callings

   Spells                             Type                      Level
   a - Summon Small Mammal            Summoning                    1
   b - Call Imp                       Summoning                    2
   c - Call Canine Familiar           Summoning                    3
   d - Summon Guardian Golem          Hexes/Summoning              3
   e - Summon Lightning Spire         Summoning/Air                4
   f - Summon Ice Beast               Ice/Summoning                4
Comestibles
 c - 9 bread rations
 F - a beef jerky
 L - a chunk of flesh


   Skills:
 + Level 5.3 Fighting
 + Level 6.3 Polearms
 + Level 7.2 Dodging
 - Level 5.0 Stealth
 + Level 0.6 Shields
 + Level 4.8 Spellcasting
 + Level 6.5 Summonings
 - Level 2.0 Translocations
 + Level 0.7 Invocations


You had 12 spell levels left.
You knew the following spells:

 Your Spells              Type           Power        Failure   Level  Hunger
a - Blink                 Tloc           N/A          21%         2    #......
z - Call Canine Familiar  Summ           ####....     8%          3    ##.....


Dungeon Overview and Level Annotations

Branches:
Dungeon (8/15)             Temple (1/1) D:7
   Lair: D:8-11

Altars:
Ashenzari
Cheibriados
Dithmenos
Elyvilon
Gozag
Makhleb
Nemelex Xobeh
Trog
Xom
Yredelemnul
The Shining One

Shops:
D:5 (   D:7 *


Innate Abilities, Weirdness & Mutations

You revert to your normal form in water.
You are very nimble and swift while swimming.
You are very stealthy in the water. (Stealth+)
You are partially covered in slimy green scales. (AC +2)
You are partially covered in yellow scales. (AC +2)
You expend magic power (3 MP) to strengthen your wands.


Message History

Your hound closely misses the orc warrior.
The orc warrior hits your hound with a war axe of chopping!
Your hound dies!
Your hound's corpse disappears in a puff of smoke!
The orc priest mumbles some strange prayers to Beogh against you.
Beogh smites you!
* * * LOW HITPOINT WARNING * * *
The orc warrior closely misses you.
There is an escape hatch in the ceiling here.
The orc priest mumbles some strange prayers to Beogh against you.
Beogh smites you!
* * * LOW HITPOINT WARNING * * *
You block the orc's attack. A mysterious force pulls you upwards.
The hatch slams shut behind you.
You feel better. The orc warrior barely misses you.
The orc hits you with a short sword.
* * * LOW HITPOINT WARNING * * *
You hit the orc but do no damage.
The orc warrior hits you with a war axe of chopping!
You die...

###########
#########.........# ###
#......##.#######.# #..
#.####.##.........# #.#
#.####.##.#######.########.#
#.#.......o@o.#.#...........
#.#.##.##.###.....########..
#..#.#.##.###.....# #..
##.###..##.........# #.. ##
#.## ##.########.### ###..
.# ##.###.## #.# #.... .#
##.#.## #.# #.... .# #..##
##'## #.... ## #.## ##...##
####..


You could see an orc warrior and an orc.

Vanquished Creatures
  A hill giant (D:7)
  A phantom (D:6)
  5 ogres
  A wyvern skeleton (D:7)
  A scorpion (D:5)
  A vampire bat (D:5)
  2 howler monkeys
  A bullfrog zombie (D:6)
  3 hounds
  2 orc priests
  4 bullfrog skeletons
  2 centaur skeletons
  Natasha (D:4)
  An iguana (D:6)
  2 orc wizards
  2 worker ants
  A killer bee zombie (D:5)
  A worker ant zombie (D:6)
  4 adders
  An ooze (D:3)
  An adder skeleton (D:4)
  2 dart slugs
  4 leopard geckos
  8 orcs
  A ball python (D:1)
  13 bats
  4 giant cockroaches
  2 hobgoblins (D:4)
  7 jackals
  A kobold (D:2)
  3 quokkas
  3 frilled lizards
  7 goblins
  4 rats
97 creatures vanquished.

Vanquished Creatures (collateral kills)
  A necrophage (D:4)
  5 ogres
  Blork the orc (D:6)
  A bullfrog (D:6)
  A scorpion (D:8)
  A howler monkey (D:5)
  A vampire bat (D:5)
  An orc wizard (D:6)
  Natasha (twice) (D:4)
  A hound skeleton (D:5)
  Robin (D:4)
  5 adders
  An ooze (D:3)
  2 worms (D:2)
  9 orcs
  7 hobgoblins
  3 jackals
  6 bats
  A frilled lizard (D:4)
  2 goblins
  4 kobolds
  4 rats (D:1)
60 creatures vanquished.

Vanquished Creatures (others)
  A quokka (D:6)
1 creature vanquished.

Grand Total: 158 creatures vanquished

Notes
Turn   | Place    | Note
-------+----------+-------------------------------------------
     0 | D:1      | Krapule the Merfolk Summoner began the quest for the Orb.
     0 | D:1      | Reached XP level 1. HP: 13/13 MP: 3/3
     2 | D:1      | Noticed a troll
     2 | D:1      | Noticed a dwarf
     4 | D:1      | Noticed a demigod
     4 | D:1      | Noticed a minotaur
     6 | D:1      | Noticed a formicid
     6 | D:1      | Noticed a spriggan
     8 | D:1      | Noticed a merfolk
    10 | D:1      | Noticed an elf
    12 | D:1      | Noticed a draconian
    12 | D:1      | Noticed a ghoul
    14 | D:1      | Noticed a halfling
    14 | D:1      | Noticed an ogre
    16 | D:1      | Noticed a tengu
    16 | D:1      | Noticed a vine stalker
    18 | D:1      | Noticed a gargoyle
    18 | D:1      | Noticed an octopode
    20 | D:1      | Noticed a human
    22 | D:1      | Noticed a demonspawn
    24 | D:1      | Noticed a vampire
    24 | D:1      | Noticed a centaur
    26 | D:1      | Noticed a felid
    26 | D:1      | Noticed a naga
   117 | D:1      | Reached skill level 3 in Dodging
   288 | D:1      | Reached XP level 2. HP: 11/20 MP: 3/5
   897 | D:1      | Reached XP level 3. HP: 24/25 MP: 6/6
   992 | D:1      | Reached skill level 1 in Fighting
  1242 | D:2      | Learned a level 3 spell: Call Canine Familiar
  1786 | D:2      | Gained mutation: You are partially covered in slimy green scales. (AC +2) [potion of mutation]
  1786 | D:2      | Gained mutation: You are partially covered in yellow scales. (AC +2) [potion of mutation]
  1786 | D:2      | Gained mutation: You expend magic power (3 MP) to strengthen your wands. [potion of mutation]
  2223 | D:2      | Reached XP level 4. HP: 32/32 MP: 7/7
  2482 | D:3      | Noticed a sky beast
  2702 | D:3      | Found a sparkling altar of Nemelex Xobeh.
  2947 | D:3      | Found a shimmering altar of Xom.
  3009 | D:3      | Found a shadowy altar of Dithmenos.
  3010 | D:3      | Found a bloodstained altar of Trog.
  3186 | D:4      | Noticed Natasha
  3193 | D:4      | Killed Natasha
  3229 | D:4      | Reached skill level 1 in Polearms
  3229 | D:4      | Reached XP level 5. HP: 29/38 MP: 8/8
  3244 | D:4      | Found a glowing golden altar of the Shining One.
  3287 | D:4      | Noticed Natasha
  3295 | D:4      | Killed Natasha
  3359 | D:4      | Found a faded altar of an unknown god.
  3359 | D:4      | Found a faded altar of an unknown god.
  3364 | D:4      | Found a faded altar of an unknown god.
  3368 | D:4      | Found a faded altar of an unknown god.
  3369 | D:4      | Found a shattered altar of Ashenzari.
  3429 | D:4      | Noticed Robin
  3462 | D:4      | Killed Robin
  3537 | D:4      | Noticed an ogre
  3547 | D:4      | Killed an ogre
  3547 | D:4      | Reached skill level 4 in Dodging
  3547 | D:4      | Reached XP level 6. HP: 37/46 MP: 1/10
  3753 | D:4      | Noticed Natasha
  3774 | D:4      | Killed Natasha
  4103 | D:5      | Entered Level 5 of the Dungeon
  4118 | D:5      | Found Xefiv's Weapon Shop.
  4210 | D:5      | Noticed a necrophage
  4242 | D:4      | Killed a necrophage
  4470 | D:5      | Reached XP level 7. HP: 50/51 MP: 7/11
  4484 | D:5      | Reached skill level 5 in Summonings
  4660 | D:5      | Reached skill level 5 in Dodging
  4948 | D:6      | Reached XP level 8. HP: 53/58 MP: 8/13
  4959 | D:6      | Found a white marble altar of Elyvilon.
  4984 | D:6      | Reached skill level 5 in Stealth
  5230 | D:6      | Learned a level 2 spell: Blink
  5350 | D:6      | Noticed Blork the orc
  5572 | D:6      | Noticed a hill giant
  5581 | D:6      | Found a basalt altar of Yredelemnul.
  5801 | D:6      | Killed Blork the orc
  5801 | D:6      | Reached skill level 6 in Dodging
  6038 | D:6      | Reached skill level 5 in Polearms
  6404 | D:7      | Reached skill level 1 in Translocations
  6729 | D:7      | Found Harum's Assorted Antiques.
  6739 | D:7      | Bought a dented bone amulet for 155 gold pieces
  6739 | D:7      | Bought a translucent leather armour for 217 gold pieces
  6749 | D:7      | Identified the cursed +0 leather armour of Brilliance {MP+9} (You bought it in a shop on level 7 of the Dungeon)
  6760 | D:7      | Noticed a hill giant
  6774 | D:7      | Killed a hill giant
  6774 | D:7      | Reached skill level 5 in Fighting
  6774 | D:7      | Reached skill level 7 in Dodging
  6774 | D:7      | Reached XP level 9. HP: 35/67 MP: 16/16
  6966 | D:7      | Found a staircase to the Ecumenical Temple.
  6974 | Temple   | Entered the Ecumenical Temple
  6995 | Temple   | Became a worshipper of Cheibriados the Contemplative
  7723 | D:8      | Reached * piety under Cheibriados
  7749 | D:8      | HP: 2/67 [orc priest/divine providence (8)]
  7752 | D:7      | Mangled by an orc warrior

Skill      XL: |  1  2  3  4  5  6  7  8  9 |
---------------+----------------------------+-----
Dodging        | 3 4 5 7 |  7.2
Fighting       | 1 2 3 5 |  5.3
Stealth        | 3 4 5 |  5.0
Polearms       | 1 2 4 5 6 |  6.3
Spellcasting   | 3 4 |  4.8
Summonings     | 5 6 |  6.5
Translocations | 1 2 |  2.0
Shields        | |  0.6
Invocations    | |  0.7

Action                   |  1- 3 |  4- 6 |  7- 9 || total
-------------------------+-------+-------+-------++-------
Melee: Unarmed           |    11 |       |       ||    11
       Dagger            |   163 |    38 |       ||   201
       Trident           |       |   112 |   259 ||   371
 Cast: Summon Small Mamm |    27 |     8 |       ||    35
       Call Canine Famil |     2 |    21 |    34 ||    57
       Blink             |       |       |     2 ||     2
 Abil: Evoke Berserk Rag |       |       |     1 ||     1
Evoke: Wand              |       |       |     2 ||     2
  Use: Potion            |     2 |       |     1 ||     3
       Scroll            |       |     8 |     3 ||    11
 Stab: Distracted        |     4 |     2 |     3 ||     9
       Sleeping          |     3 |     1 |    10 ||    14
  Eat: Chunk             |     4 |     9 |    10 ||    23
       Beef jerky        |     1 |       |       ||     1
       Meat ration       |       |       |     1 ||     1
Armor: Robe              |    79 |    71 |    38 ||   188
       Leather armour    |       |       |    12 ||    12
Dodge: Dodged            |   207 |   125 |   118 ||   450
Block: Buckler           |       |       |     3 ||     3
